 Dungeon Crawl Stone Soup version 0.27-a0-75-g9f9dfd16e9 (webtiles) character file.

Game seed: 11491602853370940620

137 knot the Chopper (level 5, 33/41 HPs)
             Began as a Demonspawn Berserker on Jan 13, 2021.
             Was a Believer of Trog.
             Quit the game on level 3 of the Dungeon.
             The game lasted 00:01:49 (3105 turns).

knot the Chopper (Demonspawn Berserker)             Turns: 3105, Time: 00:01:49

Health: 33/41      AC:  2    Str: 18    XL:     5   Next: 0%
Magic:  5/5        EV: 12    Int:  9    God:    Trog [**....]
Gold:   171        SH:  0    Dex: 12    Spells: 4/4 levels left

rFire    + . .     SeeInvis .   a - +0 hand axe
rCold    . . .     Faith    .   (no shield)
rNeg     . . .     Spirit   +   b - +0 animal skin
rPois    .         Reflect  .   (no helmet)
rElec    .         Harm     .   (no cloak)
rCorr    .         Rampage  .   (no gloves)
Will     .....                  (no boots)
Stlth    +.........             (no amulet)
HPRegen  0.13/turn              (no ring)
MPRegen  0.09/turn              (no ring)

@: no status effects
A: fire resistance 1, magic shield
a: Renounce Religion, Berserk, Trog's Hand


You were on level 3 of the Dungeon.
You worshipped Trog.
Trog was pleased with you.
You visited 1 branch of the dungeon, and saw 3 of its levels.

You collected 171 gold pieces.

Inventory:

Hand Weapons
 a - a +0 hand axe (weapon)
Missiles
 c - 102 stones
 k - 12 poisoned darts
Armour
 b - a +0 animal skin (worn)
 f - a +0 pair of boots
Scrolls
 d - a scroll of enchant weapon {unknown}
 e - 6 scrolls of identify {unknown}
 g - 2 scrolls of teleportation {unknown}
 h - a scroll of remove curse {unknown}
Potions
 i - a potion of might {unknown}
 j - a potion of mutation {unknown}
 l - 2 potions of brilliance {unknown}
 m - a potion of curing {unknown}


   Skills:
 - Level 3.0 Fighting
 + Level 5.2 Axes
 - Level 1.7 Armour
 - Level 1.7 Dodging


You had 4 spell levels left.
You didn't know any spells.
Your spell library was empty.

Dungeon Overview and Level Annotations

Branches:
Dungeon (3/15)

Altars:
Dithmenos
Nemelex Xobeh
The Shining One


Innate Abilities, Weirdness & Mutations

Your flesh is heat resistant. (rF+)
When hurt, damage is shared between your health and your magic reserves.


Message History

The hobgoblin misses you.
You hit the hobgoblin.
The hobgoblin is heavily wounded.
The hobgoblin hits you.
You closely miss the hobgoblin.
The hobgoblin is heavily wounded.
The hobgoblin hits you. The bat hits you.
You hit the hobgoblin.
You kill the hobgoblin!
Trog accepts your kill.
You barely miss the bat. The bat hits you.
You hit the kobold.
You kill the kobold!
Trog accepts your kill. The bat hits you.
You have reached level 5!
Your demonic ancestry asserts itself...
You feel resistant to heat.
Okay, then.
Are you sure you want to abandon this character and quit the game? (Confirm with "yes".)

...# #.# #.#
#....# #.# #.#
##.### #.# #..
.# #.# ##. .#
#.# .# .#
####'####.#
#..!....#.###.#
+.............#
#......@......#
#.......)b....#
#.............#
#..............
#.......###...#
######### #..#
..# .#


You could see a bat.

Vanquished Creatures
  An orc priest (D:3)
  A gnoll (D:1)
  An adder (D:3)
  2 oozes
  A worm (D:3)
  5 dart slugs
  2 leopard geckos (D:2)
  4 orcs (D:3)
  A ball python (D:3)
  5 giant cockroaches (D:1)
  9 hobgoblins
  3 jackals (D:3)
  4 bats
  3 frilled lizards
  3 goblins
  9 kobolds
  6 rats
60 creatures vanquished.

Notes
Turn   | Place    | Note
-------+----------+-------------------------------------------
     0 | D:1      | knot the Demonspawn Berserker began the quest for the Orb.
     0 | D:1      | Reached XP level 1. HP: 18/18 MP: 1/1
    70 | D:1      | Reached skill level 3 in Axes
    78 | D:1      | Gained mutation: When hurt, damage is shared between your
                  | health and your magic reserves. [demonic ancestry]
    78 | D:1      | Reached XP level 2. HP: 18/24 MP: 2/2
   345 | D:1      | Reached XP level 3. HP: 25/29 MP: 3/3
   559 | D:1      | Reached skill level 4 in Axes
   895 | D:1      | Reached ** piety under Trog
  1426 | D:2      | Found a shadowy altar of Dithmenos.
  1427 | D:2      | Found a glowing golden altar of the Shining One.
  1453 | D:2      | Found a sparkling altar of Nemelex Xobeh.
  1903 | D:3      | Reached XP level 4. HP: 29/35 MP: 2/4
  2850 | D:3      | Reached skill level 5 in Axes
  3105 | D:3      | Gained mutation: Your flesh is heat resistant. (rF+)
                  | [demonic ancestry]
  3105 | D:3      | Reached XP level 5. HP: 33/41 MP: 5/5
  3105 | D:3      | Quit the game

Illustrated notes

Levels and vault maps discovered:
D:1:      nzn_arrival_settlement, layout_basic
D:2:      layout_rooms, gammafunk_temple_overflow_statue,
          nemelex_diamond_rough_becter
D:3:      layout_basic, grunt_ministairs_14, uniq_terence

Skill      XL: |  1  2  3  4 |
---------------+-------------+-----
Axes           | 3 4 5 |  5.2
Fighting       | |  3.0
Armour         | |  1.7
Dodging        | |  1.7

Action                   |  1- 3 |  4- 6 || total
-------------------------+-------+-------++-------
Melee: Hand axe          |   125 |    62 ||   187
Invok: Berserk           |     1 |     3 ||     4
       Trog's Hand       |       |     1 ||     1
 Stab: Sleeping          |     1 |       ||     1
Armor: Animal skin       |    26 |     8 ||    34
Dodge: Dodged            |    81 |    28 ||   109

Table legend: (Time is in decaauts)
 A = Elapsed time spent in this place.
 B = Non-inter-level travel time spent in this place.
 C = Inter-level travel time spent in this place.
 D = Time resting spent in this place.
 E = Time spent auto-exploring this place.
 F = Levels seen in this place.
 G = Mean time per level.
                   A        B        C        D        E       F      G
               +--------+--------+--------+--------+--------+-----+--------+
         Total |   3158 |   3127 |     31 |   1120 |   1654 |   3 | 1052.7 |
       Dungeon |   3158 |   3127 |     31 |   1120 |   1654 |   3 | 1052.7 |
               +--------+--------+--------+--------+--------+-----+--------+

Top non-repeatable levels by time:
     D:1: 1331 daAuts
     D:3: 1241 daAuts
     D:2: 585 daAuts
